 Dungeon Crawl Stone Soup version 0.29-a0-323-g050149af67 (webtiles) character file.

Game seed: 8783189707234193285

30266 experimilk the Severer (level 13, -2/87 (100) HPs)
             Began as a Palentonga Fighter on Apr 10, 2022.
             Was a High Priest of Nemelex Xobeh.
             Slain by a spectral orc knight
             ... wielding a +1 battleaxe of freezing
             ... summoned by Nergalle
              (6 damage)
             ... on level 4 of the Lair of Beasts.
             The game lasted 01:01:41 (20877 turns).

experimilk the Severer (Palentonga Fighter)        Turns: 20877, Time: 01:01:41

HP:   -2/87 (100)   AC: 29    Str: 24    XL:     13   Next: 19%
MP:   20/20         EV:  7    Int:  9    God:    Nemelex Xobeh [*****.]
Gold: 318           SH:  8    Dex: 10    Spells: 12/12 levels left

rFire   . . .      SeeInvis +   w - +4 broad axe (elec)
rCold   . . .      Faith    .   o - +0 kite shield
rNeg    . . .      Spirit   .   h - +0 chain mail
rPois   .          Reflect  .   T - +2 helmet
rElec   +          Harm     .   D - +1 cloak
rCorr   +          Rampage  .   k - +0 pair of gloves
Will    +....                   u - +2 barding of Absence {rElec Will+ Stlth+}
Stlth   ..........              (no amulet)
HPRegen 0.24/turn               j - ring of resist corrosion
MPRegen 0.17/turn               r - +4 ring of evasion

@: heavily drained, curled up
A: large, rugged brown scales 3, see invisible, deformed body, roll 1, armoured
tail, reflexive curl
a: Rolling Charge, Renounce Religion, Draw Escape, Draw Destruction, Draw
Summoning, Triple Draw, Deal Four, Stack Five


You were on level 4 of the Lair of Beasts.
You worshipped Nemelex Xobeh.
Nemelex Xobeh was extremely pleased with you.
You visited 2 branches of the dungeon, and saw 15 of its levels.
You also visited: Bailey.

You collected 994 gold pieces.
You spent 676 gold pieces at shops.

Inventory:

Hand Weapons
 w - a +4 broad axe of electrocution (weapon)
 A - a +0 broad axe
 H - the +3 woodcutter's axe {vorpal}
   (You took it off an orc on level 8 of the Dungeon)

   It inflicts extra damage upon your enemies.
 U - a +2 war axe of draining
Missiles
 m - 12 poisoned darts (quivered)
 y - 6 curare-tipped darts
Armour
 a - a +0 plate armour
 c - a +0 buckler
 g - a +0 ring mail
 h - a +0 chain mail (worn)
 k - a +0 pair of gloves (worn)
 o - a +0 kite shield (worn)
 u - the +2 barding of Absence (worn) {rElec Will+ Stlth+}
   (You acquired it in a bailey)

   rElec:     It insulates you from electricity.
   Will:      It increases your willpower.
   Stlth:     It makes you more stealthy.
 D - a +1 cloak (worn)
 M - a +0 hat of stealth
 N - the +1 ring mail "Gucepra" {Harm Rampage rPois rCorr}
   (You took it off an orc warrior in a bailey)

   rPois:     It protects you from poison.
   rCorr:     It protects you from acid and corrosion.
   Harm:      It increases damage dealt and taken.
   Rampage:   It bestows one free step when moving towards enemies.
 T - a +2 helmet (worn)
Jewellery
 j - a ring of resist corrosion (left hand)
 r - a +4 ring of evasion (right hand)
 J - an amulet of magic regeneration
 R - a ring of ice
Wands
 s - a wand of iceblast (19)
 z - a wand of flame (25)
 G - a wand of digging (14)
 S - a wand of paralysis (6)
Scrolls
 e - 2 scrolls of fear
 n - 4 scrolls of teleportation
 q - 4 scrolls of vulnerability
 v - a scroll of amnesia
 C - 5 scrolls of identify
 F - 2 scrolls of silence
 O - 2 scrolls of magic mapping
 W - 2 scrolls of blinking
Potions
 b - 14 potions of curing
 d - 3 potions of might
 f - 2 potions of magic
 i - 4 potions of heal wounds
 l - 2 potions of ambrosia
 p - 5 potions of attraction
 t - 2 potions of invisibility
 x - 4 potions of haste
 B - 2 potions of flight
 E - 4 potions of mutation
 I - 3 potions of cancellation
 L - a potion of brilliance
 P - a potion of berserk rage


   Skills:
 + Level 6.4 Fighting
 - Level 18.0 Axes
 + Level 5.3 Armour
 + Level 5.3 Shields
 + Level 10.3 Invocations


You had 12 spell levels left.
You didn't know any spells.
Your spell library contained the following spells:

 Spells                   Type           Power      Damage    Failure   Level
 Animate Skeleton         Necr           0%         N/A       99%         1
 Freeze                   Ice            0%         1d3       99%         1
 Pain                     Necr           0%         1d4       99%         1
 Blink                    Tloc           0%         N/A       100%        2
 Searing Ray              Conj           0%         2d4       100%        2
 Static Discharge         Conj/Air       0%         N/A       100%        2
 Call Canine Familiar     Summ           0%         N/A       100%        3
 Frozen Ramparts          Ice            0%         1d2       100%        3
 Lesser Beckoning         Tloc           0%         N/A       100%        3
 Portal Projectile        Hex/Tloc       0%         N/A       100%        3
 Spider Form              Tmut/Pois      0%         N/A       100%        3
 Stone Arrow              Conj/Erth      0%         3d7       100%        3
 Vampiric Draining        Necr           0%         2d6       100%        3
 Animate Armour           Summ/Erth      0%         N/A       100%        4
 Dispel Undead            Necr           0%         3d6       100%        4
 Hailstorm                Conj/Ice       0%         3d3       100%        4
 Leda's Liquefaction      Hex/Erth       0%         N/A       100%        4
 Passage of Golubria      Tloc           0%         N/A       100%        4
 Sticky Flame             Conj/Fire      0%         2d3       100%        4
 Manifold Assault         Tloc           0%         N/A       100%        5
 Metabolic Englaciation   Hex/Ice        0%         N/A       100%        5
 Silence                  Hex/Air        0%         N/A       100%        5
 Iron Shot                Conj/Erth      0%         9d1       100%        6
 Orb of Destruction       Conj           0%         9d5       100%        7
 Lehudib's Crystal Spear  Conj/Erth      0%         10d2      100%        8


Dungeon Overview and Level Annotations

Branches:
Dungeon (11/15)            Temple (0/1) D:4            Lair (4/6) D:11
 Shoals (0/4) Lair:2        Snake (0/4) Lair:3          Orc (0/2) D:10
 Bailey (visited)

Altars:
Ashenzari
Cheibriados
Dithmenos
Elyvilon
Fedhas
Gozag
Hepliaklqana
Kikubaaqudgha
Nemelex Xobeh
Sif Muna
Trog
Uskayaw
Xom
The Shining One
Beogh

Shops:
D:3 !   D:4 *   D:10 [

Annotations:
D:5 2 transporters, experimilk's ghost, novice PaFi
Lair:4 Nergalle


Innate Abilities, Weirdness & Mutations

You are completely covered in rugged brown scales. (AC +3, +7% HP)
You have supernaturally acute eyesight. (SInv)
Armour fits poorly on your strangely shaped body.
You can roll at nearby foes to attack.
You have a long armoured tail.
You curl defensively after being hit. (AC +7*)


Message History

You block Nergalle's attack.
The spectral orc knight barely misses you.
You slash Nergalle!
Nergalle is severely wounded.
You slash the spectral orc knight! Nergalle hits you but does no damage.
A basilisk comes into view.
Unknown command.
You barely miss Nergalle.
Nergalle is severely wounded.
You barely miss the spectral orc knight.
The spectral orc knight hits you with a +1 battleaxe of freezing!
You feel drained. The spectral orc knight freezes you.
Nergalle barely misses you.
Unknown command.
You hit Nergalle.
Nergalle is severely wounded.
You hit the spectral orc knight but do no damage.
The spectral orc knight hits you with a +1 battleaxe of freezing.
The spectral orc knight freezes you.
Unknown command.
You hit Nergalle but do no damage.
Nergalle is severely wounded.
You slash the spectral orc knight!
Lightning courses through the spectral orc knight!
Nergalle grimaces horribly.
Nergalle hits you but does no damage.
The spectral orc knight hits you with a +1 battleaxe of freezing!
You feel drained. The spectral orc knight freezes you.
You hit Nergalle. Lightning courses through Nergalle!
Your tail-slap misses Nergalle.
Nergalle is almost dead.
You hit the spectral orc knight but do no damage.
Nergalle points at you and mumbles some strange words.
The bolt of negative energy hits you!!
You feel drained.
* * * LOW HITPOINT WARNING * * *
The bolt of negative energy hits the spectral orc knight.
The spectral orc knight completely resists.
The spectral orc knight hits you with a +1 battleaxe of freezing.
You die...
Your body glows with a rainbow of weird colours and disappears.

............... ............
............................<†...
....#............................
....#............................
................l................
.................................
.......##........................
.##.#..##.#.....o........#.......
####...P#.......@$....####....#..
##...##......Z......# #...P#..
#...#................ #....#.
##...#...............##......
##..#.#..#.................P
#..###...............##....
#..#..#..#.............#...
#....#...###...........###.
##..##....##.#..........#..


You could see Nergalle, a spectral orc knight (summoned) and a basilisk.

Vanquished Creatures
  2 boulder beetles
  Fannar (D:10)
  A hydra (Lair:1)
  A two-headed ogre (D:11)
  Urug (Lair:3)
  An orc high priest (Bailey)
  A mana viper (D:10)
  A guardian serpent (Lair:1)
  A black mamba (Lair:2)
  8 elephants
  3 merfolk sirens (Lair:2)
  8 cane toads
  A rime drake (Lair:2)
  Maggie (Lair:2)
  7 komodo dragons
  A kobold demonologist (Bailey)
  3 trolls
  A merfolk (Lair:2)
  A hornet (D:10)
  A polar bear (Lair:1)
  7 blink frogs
  A culicivora (Lair:3)
  Eustachio (D:6)
  21 yaks
  A wyvern (Lair:2)
  A basilisk (Lair:4)
  3 nagas (Lair:3)
  3 acid dragons
  8 water moccasins
  14 orc warriors
  A black bear (Lair:2)
  2 ogres
  A sky beast (D:5)
  An ice beast (D:7)
  29 wolves
  2 centaurs
  A boggart (Lair:1)
  A phantom (D:5)
  14 bullfrogs
  A necrophage (D:7)
  A gnoll sergeant (D:8)
  5 wights
  14 killer bees
  7 electric eels
  A howler monkey (D:10)
  5 hounds
  3 jellies
  5 orc priests
  Terence (D:1)
  2 iguanas
  Natasha (thrice) (D:2)
  7 orc wizards
  7 gnolls
  9 adders
  2 white imps (D:6)
  2 ufetubi (D:4)
  2 worms
  3 dart slugs
  36 orcs
  11 endoplasms
  5 giant cockroaches
  14 goblins
  16 hobgoblins
  3 jackals (D:4)
  A quokka (D:5)
  8 ball pythons
  5 bats
  2 frilled lizards
  3 kobolds (D:2)
  11 rats
352 creatures vanquished.

Vanquished Creatures (collateral kills)
  An ugly thing (D:11)
  6 yaks
  A wolf (Lair:1)
8 creatures vanquished.

Vanquished Creatures (others)
  13 fungi
  8 plants
21 creatures vanquished.

Grand Total: 381 creatures vanquished

Notes
Turn   | Place    | Note
-------+----------+-------------------------------------------
     0 | D:1      | experimilk the Palentonga Fighter began the quest for the
                  | Orb.
     0 | D:1      | Reached XP level 1. HP: 19/19 MP: 1/1
   145 | D:1      | Reached XP level 2. HP: 23/25 MP: 2/2
   234 | D:1      | Reached skill level 3 in Axes
   612 | D:1      | Found a faded altar of an unknown god.
   790 | D:1      | Reached XP level 3. HP: 31/31 MP: 3/3
   970 | D:1      | Got the Incunabulum of Toxic Beguiling
  1195 | D:2      | Noticed Terence
  1286 | D:1      | Killed Terence
  1287 | D:1      | Reached skill level 4 in Axes
  1287 | D:1      | Reached XP level 4. HP: 17/37 MP: 4/4
  1495 | D:2      | Noticed Natasha
  1500 | D:2      | Killed Natasha
  1593 | D:2      | Found a sparkling altar of Nemelex Xobeh.
  1609 | D:2      | Noticed Natasha
  1611 | D:2      | Killed Natasha
  1612 | D:2      | Reached skill level 5 in Axes
  1616 | D:2      | Became a worshipper of Nemelex Xobeh the Trickster
  1635 | D:2      | Noticed Natasha
  1641 | D:2      | Killed Natasha
  1642 | D:2      | Reached XP level 5. HP: 37/43 MP: 5/5
  2099 | D:3      | Found a blossoming altar of Fedhas.
  2483 | D:3      | Found Seskur's Distillery.
  2486 | D:3      | Bought 2 potions of curing for 66 gold pieces
  2541 | D:3      | Noticed an ogre
  2545 | D:3      | Killed an ogre
  2546 | D:3      | Reached skill level 6 in Axes
  2546 | D:3      | Reached XP level 6. HP: 50/50 MP: 6/6
  2867 | D:4      | Reached * piety under Nemelex Xobeh
  2910 | D:4      | Found a shimmering blue altar of Sif Muna.
  2911 | D:4      | Found a white marble altar of Elyvilon.
  2912 | D:4      | Found a hide-covered altar of Uskayaw.
  2912 | D:4      | Found a glowing golden altar of the Shining One.
  2962 | D:4      | Found a shadowy altar of Dithmenos.
  3019 | D:4      | Received a gift from Nemelex Xobeh
  3389 | D:4      | Found Foiruafu's Elemental Accessories.
  3536 | D:4      | Found a staircase to the Ecumenical Temple.
  3910 | D:4      | Reached ** piety under Nemelex Xobeh
  3976 | D:5      | Entered Level 5 of the Dungeon
  4077 | D:5      | Noticed a sky beast
  4079 | D:5      | Killed a sky beast
  4080 | D:5      | Reached skill level 7 in Axes
  4196 | D:5      | Noticed experimilk's ghost (novice PaFi)
  4196 | D:5      | Identified the +10 great mace of Courage {vorpal, Will+
                  | Stlth+}
  4197 | D:5      | Found a transporter.
  4201 | D:5      | Found a transporter.
  4570 | D:5      | Noticed an ice beast
  4571 | D:5      | an ice beast changed into a wolf
  4584 | D:5      | Gained mutation: You curl defensively after being hit. (AC
                  | +7*) [Palentonga growth]
  4584 | D:5      | Reached XP level 7. HP: 39/55 MP: 7/7
  4864 | D:5      | Reached skill level 8 in Axes
  5552 | D:6      | Received a gift from Nemelex Xobeh
  5808 | D:6      | Reached skill level 9 in Axes
  5876 | D:5      | Reached XP level 8. HP: 21/62 MP: 8/8
  6126 | D:6      | Received a gift from Nemelex Xobeh
  6128 | D:6      | Found an ancient bone altar of Kikubaaqudgha.
  6153 | D:6      | Reached skill level 10 in Axes
  6325 | D:6      | Reached *** piety under Nemelex Xobeh
  6347 | D:6      | Noticed Eustachio
  6355 | D:6      | Killed Eustachio
  6436 | D:6      | Reached skill level 11 in Axes
  6567 | D:6      | Found a snail-covered altar of Cheibriados.
  6568 | D:6      | Found a hazy altar of Hepliaklqana.
  7049 | D:7      | Received a gift from Nemelex Xobeh
  7128 | D:7      | Reached skill level 12 in Axes
  7128 | D:7      | Reached XP level 9. HP: 58/67 MP: 9/9
  7822 | D:8      | Found a bloodstained altar of Trog.
  8269 | D:9      | Noticed a troll
  8274 | D:9      | Killed a troll
  8275 | D:9      | Reached skill level 13 in Axes
  8335 | D:9      | Found a broken altar of Ashenzari.
  8490 | D:9      | Reached **** piety under Nemelex Xobeh
  8730 | D:9      | Reached skill level 14 in Axes
  9152 | D:9      | Received a gift from Nemelex Xobeh
  9280 | D:9      | Identified the +11 rapier "Miacros" {freeze, rElec rC+
                  | Str+4 Stlth-}
  9352 | D:9      | Reached XP level 10. HP: 39/74 MP: 10/10
  9645 | D:10     | Entered Level 10 of the Dungeon
  9663 | D:10     | Reached skill level 1 in Invocations
  9980 | D:10     | Found a flagged portal.
  9989 | Bailey   | Entered a bailey
 11680 | Bailey   | Acquired the +2 barding of Absence {rElec Will+ Stlth+}
 11756 | Bailey   | Noticed an orc high priest
 11760 | Bailey   | Killed an orc high priest
 11761 | Bailey   | Reached skill level 15 in Axes
 11761 | Bailey   | Reached skill level 5 in Invocations
 11869 | Bailey   | Identified the +1 dagger "Honuemod" {pain, Will- rCorr
                  | Int+4}
 11980 | Bailey   | Identified the +1 ring mail "Gucepra" {Harm Rampage rPois
                  | rCorr}
 12163 | Bailey   | Found an iron altar of Okawaru.
 12334 | Bailey   | Got the Volume of Virous Conjuration
 12560 | D:10     | Found an opulent altar of Gozag.
 12732 | D:10     | Received a gift from Nemelex Xobeh
 13025 | D:10     | Received a gift from Nemelex Xobeh
 13071 | D:10     | Noticed Fannar
 13074 | D:10     | Killed Fannar
 13075 | D:10     | Reached XP level 11. HP: 76/80 MP: 6/15
 13285 | D:10     | Found Noff's Armour Emporium.
 13285 | D:10     | Found a staircase to the Orcish Mines.
 13307 | D:10     | Bought a +2 helmet for 181 gold pieces
 13578 | D:10     | Noticed a two-headed ogre
 13580 | D:10     | Noticed a mana viper
 13580 | D:10     | a two-headed ogre changed into a mana viper
 13583 | D:10     | Killed a mana viper
 13854 | D:11     | Noticed a boulder beetle
 13866 | D:11     | Killed a boulder beetle
 14115 | D:11     | Noticed a two-headed ogre
 14118 | D:11     | Reached skill level 16 in Axes
 14119 | D:11     | Killed a two-headed ogre
 14270 | D:11     | Noticed a red ugly thing
 14283 | D:11     | Killed a red ugly thing
 14704 | D:11     | Received a gift from Nemelex Xobeh
 14716 | D:11     | Found a shimmering altar of Xom.
 14717 | D:11     | Found a shimmering altar of Xom.
 14717 | D:11     | Found a shimmering altar of Xom.
 14719 | D:11     | Found a shimmering altar of Xom.
 14758 | D:11     | Found a staircase to the Lair.
 15121 | D:3      | Bought a potion of haste for 110 gold pieces
 15121 | D:3      | Bought a potion of haste for 110 gold pieces
 15121 | D:3      | Bought 2 potions of heal wounds for 110 gold pieces
 15121 | D:3      | Bought a potion of heal wounds for 55 gold pieces
 15121 | D:3      | Bought a potion of might for 44 gold pieces
 15396 | Lair:1   | Entered Level 1 of the Lair of Beasts
 15503 | Lair:1   | Reached skill level 17 in Axes
 15713 | Lair:1   | Noticed a seven-headed hydra
 15717 | Lair:1   | Killed a seven-headed hydra
 15952 | Lair:1   | Identified the +0 quarterstaff of Guilt {vorpal, Fragile
                  | rN+ Int+5}
 15959 | Lair:1   | Reached XP level 12. HP: 38/86 MP: 18/18
 16250 | Lair:1   | Reached skill level 18 in Axes
 16842 | Lair:2   | Received a gift from Nemelex Xobeh
 17648 | Lair:2   | Noticed Maggie
 17655 | Lair:2   | Killed Maggie
 17904 | Lair:2   | Found a staircase to the Shoals.
 17923 | Lair:2   | Reached skill level 10 in Invocations
 18208 | Lair:2   | Received a gift from Nemelex Xobeh
 18672 | Lair:3   | Reached skill level 5 in Fighting
 18891 | Lair:3   | Found a staircase to the Snake Pit.
 19020 | Lair:3   | Noticed a six-headed hydra
 19023 | Lair:3   | Noticed a radroach
 19023 | Lair:3   | a six-headed hydra changed into a radroach
 19026 | Lair:3   | a radroach changed into a culicivora
 19115 | Lair:3   | Reached ***** piety under Nemelex Xobeh
 19131 | Lair:3   | Noticed a boulder beetle
 19148 | Lair:3   | Killed a boulder beetle
 19350 | Lair:3   | Received a gift from Nemelex Xobeh
 19358 | Lair:3   | Reached XP level 13. HP: 80/99 MP: 20/20
 19361 | Lair:3   | Reached skill level 5 in Armour
 19361 | Lair:3   | Reached skill level 5 in Shields
 19631 | Lair:3   | Noticed Urug
 19647 | Lair:3   | Killed Urug
 20327 | Lair:4   | Received a gift from Nemelex Xobeh
 20486 | Lair:4   | Received a gift from Nemelex Xobeh
 20863 | Lair:4   | Noticed Nergalle
 20877 | Lair:4   | HP: 4/87 [Nergalle/bolt of negative energy (24)]
 20877 | Lair:4   | Slain by a spectral orc knight

Illustrated notes

Levels and vault maps discovered:
D:1:      dpeg_arrival_stonehenge_12_columns, layout_basic,
          hellmonk_ecumenical_altar_defaced_shrine, nrook_mini_vaults, hex_tiny
D:2:      layout_rooms, basic_altar, kennysheep_boxes, uniq_natasha,
          uniq_terence
D:3:      layout_basic, fedhas_altar_2, serial_shops, nicolae_shop_trees
D:4:      layout_loops_ring, nicolae_dithmenos_the_darkroom,
          grunt_temple_overflow_open, minmay_temple_entry_antechambers,
          glass_columns_b, nicolae_elemental_shop, kennysheep_generic_room_4
D:5:      layout_layer_cave, gammafunk_ghost_smash,
          amcnicky_mini_rare_corridor_liquid, nicolae_sextant,
          grunt_ministairs_3, st_stairs_12, minmay_puff
D:6:      layout_cave_pools, nicolae_kikubaaqudgha_miasma_corner,
          gammafunk_temple_overflow_pools, uniq_eustachio
D:7:      layout_basic, minmay_misc_feat_cross, eino_jars
D:8:      layout_rooms, mainiacjoe_overflow_brackets
D:9:      layout_basic, kennysheep_little_box
D:10:     layout_stronghold, grunt_gozag_breadcrumbs, orc_david_3,
          enter_bailey_2, uniq_fannar
D:11:     layout_rooms, lair_entry_dummy, xom_shifter_show
Lair:1:   layout_chaotic_city, infiniplex_staircase_pool
Lair:2:   layout_hall_layers, elwin_shoals_entry_stream, grunt_megastairs_3,
          uniq_maggie
Lair:3:   layout_roguey, guppyfry_snake_entry_island, lemuel_fruit_tree,
          uniq_urug
Lair:4:   layout_hall_layers, uniq_nergalle

Skill      XL: |  1  2  3  4  5  6  7  8  9 10 11 12 13 |
---------------+----------------------------------------+-----
Axes           | 3 4 5 6 7 9 12 14 15 17 18 | 18.0
Invocations    | 6 8 10 | 10.3
Shields        | 4 5 |  5.3
Armour         | 4 5 |  5.3
Fighting       | 5 6 |  6.4

Action                   |  1- 3 |  4- 6 |  7- 9 | 10-12 | 13-15 || total
-------------------------+-------+-------+-------+-------+-------++-------
Melee: War axe           |    92 |   119 |       |       |       ||   211
       Tailslap          |     7 |    12 |    20 |    66 |    13 ||   118
       Broad axe         |       |       |   177 |   390 |    78 ||   645
Throw: Dart              |       |     2 |       |     2 |     2 ||     6
Invok: Draw Destruction  |       |     2 |     3 |    20 |       ||    25
       Draw Summoning    |       |       |     1 |     4 |       ||     5
       Deal Four         |       |       |       |     4 |       ||     4
       Draw Escape       |       |       |       |     2 |       ||     2
 Abil: Rolling Charge    |    24 |    28 |    44 |    75 |     8 ||   179
  Use: Scroll            |       |     5 |    10 |    14 |       ||    29
       Potion            |       |     1 |     1 |     6 |       ||     8
 Stab: Sleeping          |       |       |       |     3 |       ||     3
       Petrified         |       |       |       |     1 |       ||     1
Armor: Scale mail        |    11 |       |       |       |       ||    11
       Ring mail         |    17 |    40 |    45 |    77 |       ||   179
       Chain mail        |       |       |       |    44 |    27 ||    71
Dodge: Dodged            |    25 |    68 |    83 |   117 |    14 ||   307
Block: Buckler           |    14 |    21 |    29 |    20 |       ||    84
       Kite shield       |       |       |       |    74 |    24 ||    98

Table legend: (Time is in decaauts)
 A = Elapsed time spent in this place.
 B = Non-inter-level travel time spent in this place.
 C = Inter-level travel time spent in this place.
 D = Time resting spent in this place.
 E = Time spent auto-exploring this place.
 F = Levels seen in this place.
 G = Mean time per level.
                   A        B        C        D        E       F      G
               +--------+--------+--------+--------+--------+-----+--------+
         Total |  20991 |  19863 |   1128 |   8085 |   5425 |  16 | 1311.9 |
       Dungeon |  12964 |  11882 |   1082 |   3813 |   4150 |  11 | 1178.5 |
          Lair |   5454 |   5409 |     45 |   2515 |   1116 |   4 | 1363.5 |
        Bailey |   2572 |   2572 |      0 |   1757 |    158 |   1 | 2572.0 |
               +--------+--------+--------+--------+--------+-----+--------+

Top non-repeatable levels by time:
  Bailey: 2572 daAuts
     D:5: 2015 daAuts
  Lair:3: 1756 daAuts
    D:10: 1753 daAuts
     D:9: 1654 daAuts
  Lair:2: 1627 daAuts
  Lair:1: 1439 daAuts
     D:1: 1430 daAuts
     D:4: 1212 daAuts
     D:3: 1166 daAuts
     D:6: 969 daAuts
     D:8: 840 daAuts
    D:11: 783 daAuts
  Lair:4: 631 daAuts
     D:2: 590 daAuts
